Map: Ancient Cistern LE

Players

IIIIIIIIIIII

  • Race: Protoss Protoss
  • League: Diamond
  • Spawn Location: 7:00

이지은 - Winner!

  • Race: Zerg Zerg
  • League: Gold
  • Spawn Location: 1:00

VOD

Have the link to the VOD?

Description

Time

  • Played on: Aug. 22, 2023, 9:56 a.m.
  • Length: 3:01
Show
View Real Time Build Order
Export as new Build Order

IIIIIIIIIIII Protoss 

Build Orders:  

Get SALT Encoding   

  12  0:00  Probe  
  13  0:12  Probe  
  14  0:19  Pylon  
  14  0:24  Probe (Chrono Boost)  
  15  0:39  Gateway, Probe (Chrono Boost)  
  16  0:44  Probe (Chrono Boost)  
  16  0:46  Assimilator  
  17  0:54  Probe  
  18  1:06  Probe  
  19  1:18  Probe  
  20  1:24  Zealot (Chrono Boost), Pylon  
  20  1:29  Cybernetics Core  
  22  1:35  Gateway  
  22  1:43  Zealot (Chrono Boost)  
  24  1:52  Probe  
  24  1:54  Assimilator  
  25  1:55  Pylon  
  25  2:10  Stalker (Chrono Boost)  
  25  2:13  Pylon  
  25  2:22  Pylon  
Show
View Real Time Build Order
Export as new Build Order

이지은 Zerg - Winner!

Build Orders: Pool Only 

Get SALT Encoding   

  12  0:19  Spawning Pool  
  11  0:22  Drone  
  11  0:27  Drone  
  13  0:31  Drone  
  14  0:41  Overlord  
  14  1:06  Zergling x6  
  17  1:18  Zergling x2  
  18  1:28  Zergling x2  
  19  1:44  Zergling x2  
  20  1:50  Zergling x2  
  21  2:04  Zergling x2  
  20  2:12  Zergling x2  
  16  2:23  Zergling x2  
  17  2:32  Zergling x2  
Tags
 
Add a new tag
Caveats
  • Supply blocks, unpowered buildings, or Contaminate may cause inaccurate times.
  • Supply counts are checked every 10 seconds.